 Dungeon Crawl Stone Soup version 0.19.1-1-g22dce08 (webtiles) character file.

456 nikopol the Skirmisher (level 7, -13/66 HPs)
             Began as a Gargoyle Berserker on Jan 9, 2017.
             Was a Priest of Trog.
             Killed by divine providence
             ... invoked by an orc priest
              (15 damage)
             ... on level 4 of the Dungeon.
             The game lasted 00:05:24 (3246 turns).

nikopol the Skirmisher (Gargoyle Berserker)         Turns: 3246, Time: 00:05:24

Health: -13/66     AC: 12    Str: 26    XL:     7   Next: 6%
Magic:  7/7        EV: 12    Int:  7    God:    Trog [***...]
Gold:   234        SH:  0    Dex: 11    Spells: 0 memorised, 6 levels left

rFire  + . .     SeeInvis .     a - +0 war axe
rCold  + . .     Gourm    .     i - +2 ring mail {rF+}
rNeg   + . .     Faith    .     (no shield)
rPois  ∞         Spirit   .     (no helmet)
rElec  +         Reflect  .     (no cloak)
rCorr  .         Harm     .     (no gloves)
MR     .....                    (no boots)
Stlth  ..........               (no amulet)
                                (no ring)
                                l - ring of protection from cold

@: berserking (expiring), very quick
A: negative energy resistance 1, electricity resistance, unbreathing,
petrification resistance, rot immunity, AC +4
a: Berserk, Trog's Hand, Burn Spellbooks, Renounce Religion


You were on level 4 of the Dungeon.
You worshipped Trog.
Trog was most pleased with you.
You were very hungry.

You visited 1 branch of the dungeon, and saw 4 of its levels.

You collected 234 gold pieces.

Inventory:

Hand Weapons
 a - a +0 war axe (weapon)
 s - a +0 hand axe
Missiles
 p - 20 arrows (quivered)
Armour
 b - a +0 animal skin
 h - a +0 scale mail
 i - a +2 ring mail of fire resistance (worn)
Jewellery
 l - a ring of protection from cold (left hand)
Wands
 g - a wand of iceblast (4/15)
Scrolls
 d - 5 scrolls of identify {unknown}
 e - 2 scrolls of enchant weapon {unknown}
 f - 3 scrolls of remove curse {unknown}
 j - a scroll of magic mapping {unknown}
 m - a scroll of fog {unknown}
 r - a scroll of teleportation {unknown}
Potions
 n - 3 potions of degeneration {unknown}
 q - 5 potions of curing {unknown}
 t - a potion of haste {unknown}
 u - a potion of mutation {unknown}
Comestibles
 c - 2 bread rations
 o - 4 meat rations


   Skills:
 + Level 5.2 Fighting
 + Level 4.2 Axes
 + Level 4.3 Armour
 + Level 3.0 Dodging


You had 6 spell levels left.
You didn't know any spells.

Dungeon Overview and Level Annotations

Branches:
Dungeon (4/15)             Temple (0/1) D:4

Altars:
Cheibriados
Kikubaaqudgha


Innate Abilities, Weirdness & Mutations

You are resistant to torment.
Your stone body is resilient. (AC +4)
You are immune to poison.
You resist negative energy. (rN+)
You are resistant to electric shocks. (rElec)
You can survive without breathing.
You are immune to petrification.
You are immune to rotting.


Message History

You barely miss the orc priest.
The orc priest is lightly wounded.
The orc priest closely misses you.
You hit the orc priest.
The orc priest is moderately wounded.
The orc priest closely misses you.
The orc wizard casts a spell.
The orc wizard blinks!
You closely miss the orc priest.
The orc priest is moderately wounded.
The orc priest hits you but does no damage.
You slash the orc priest!
You kill the orc priest!
Trog accepts your kill.
You have reached level 7!
The orc wizard gestures wildly while chanting.
The orc wizard blinks!
The orc priest invokes the aid of Beogh against you.
Beogh smites you!
You die...

..... #.......# ..... #..o§...#
..... .......# .. .... §.....#
#......# #.. ....( #......###..
.o. #>.......... #)# #...........
######## #@#####...........
#......####.#...............
#.........#.#.##............
######.........#.#..#............
.....'.^............#...........#
######.........#.####...........#
##........#.......#####....#
#............###.# #....#
#............# #.# #....#


You could see an orc priest and an orc wizard.

Vanquished Creatures
  2 hounds (D:4)
  A gnoll shaman (D:4)
  2 orc priests (D:4)
  An orc wizard (D:4)
  Ijyb (D:2)
  Robin (D:2)
  5 gnolls (D:4)
  6 adders
  3 worms
  5 dart slugs
  2 leopard geckos
  14 orcs
  3 ball pythons
  7 bats
  A giant cockroach (D:1)
  13 goblins
  13 hobgoblins
  10 jackals
  3 quokkas
  2 frilled lizards (D:4)
  7 kobolds
  4 rats
106 creatures vanquished.

Vanquished Creatures (others)
  A jackal (D:2)
1 creature vanquished.

Grand Total: 107 creatures vanquished

Notes
Turn   | Place    | Note
-------+----------+-------------------------------------------
     0 | D:1      | nikopol the Gargoyle Berserker began the quest for the Orb.
     0 | D:1      | Reached XP level 1. HP: 14/14 MP: 1/1
   305 | D:1      | Reached XP level 2. HP: 15/19 MP: 2/2
   804 | D:2      | Noticed Ijyb
   806 | D:2      | Reached XP level 3. HP: 20/23 MP: 3/3
   861 | D:2      | Killed Ijyb
  1082 | D:2      | Noticed Robin
  1087 | D:2      | Reached XP level 4. HP: 29/29 MP: 4/4
  1094 | D:2      | Killed Robin
  1229 | D:2      | Found an ancient bone altar of Kikubaaqudgha.
  1243 | D:2      | Reached skill level 4 in Fighting
  1305 | D:2      | Reached ** piety under Trog
  1597 | D:2      | Reached XP level 5. HP: 32/33 MP: 5/5
  1869 | D:3      | Found a snail-covered altar of Cheibriados.
  2368 | D:3      | You fall through a shaft!
  2557 | D:4      | Reached *** piety under Trog
  2557 | D:4      | Reached XP level 6. HP: 39/39 MP: 6/6
  2760 | D:4      | Found a staircase to the Ecumenical Temple.
  2876 | D:4      | Reached skill level 5 in Fighting
  3239 | D:4      | HP: 1/60 [orc priest/divine providence (14)]
  3246 | D:4      | Reached XP level 7. HP: 2/44 MP: 7/7
  3246 | D:4      | Killed from afar by an orc priest

Skill      XL: |  1  2  3  4  5  6 |
---------------+-------------------+-----
Axes           | 3 4 |  4.2
Dodging        | 2 3 |  3.0
Armour         | 3 4 |  4.3
Fighting       | 4 5 |  5.2

Action                   |  1- 3 |  4- 6 |  7- 9 || total
-------------------------+-------+-------+-------++-------
Melee: Hand axe          |   118 |   203 |       ||   321
       War axe           |       |   108 |       ||   108
Invok: Berserk           |       |     3 |       ||     3
       Burn Spellbooks   |       |     1 |       ||     1
  Eat: Chunk             |     1 |     9 |       ||    10
Armor: Animal skin       |    14 |       |       ||    14
       Scale mail        |    69 |       |       ||    69
       Ring mail         |     5 |   163 |       ||   168
Dodge: Dodged            |    90 |   214 |       ||   304
